 Dungeon Crawl Stone Soup version 0.26-a0-252-gb32a1a6195 (webtiles) character file.

Game seed: 16794260306356134951

207 Conn the Sneak (level 5, 0/48 HPs)
             Began as an Octopode Hedge Wizard on July 9, 2020.
             Slain by a killer bee (6 damage)
             ... on level 3 of the Dungeon.
             The game lasted 00:08:40 (2603 turns).

Conn the Sneak (Octopode Hedge Wizard)              Turns: 2603, Time: 00:08:40

Health: 0/48       AC:  2    Str:  7 (9)  XL:     5   Next: 85%
Magic:  1/11       EV: 13    Int: 17 (18) God:
Gold:   77         SH:  0    Dex:  8 (11) Spells: 4/12 levels left

rFire    . . .     SeeInvis .   g - +1 short sword
rCold    . . .     Faith    .   (no shield)
rNeg     . . .     Spirit   .   a - +1 hat
rPois    .         Reflect  .   (no amulet)
rElec    .         Harm     .   (no ring)
rCorr    .                      (no ring)
MR       .....                  (no ring)
Stlth    ..........             (no ring)
HPRegen  0.16/turn              (no ring)
MPRegen  0.12/turn              (no ring)
                                (no ring)
                                (no ring)

@: brilliant, berserking, lethally poisoned (0 -> -5), very slightly
contaminated, very quick
A: almost no armour, stealthy swim, amphibious, 8 rings, constrict 8, camouflage
1, gelatinous body 1
a: no special abilities


You were on level 3 of the Dungeon.
You were not hungry.

You visited 1 branch of the dungeon, and saw 3 of its levels.

You collected 77 gold pieces.

Inventory:

Hand Weapons
 g - a +1 short sword (weapon)
Missiles
 m - 15 poisoned darts (quivered)
Armour
 a - a +1 hat (worn)
Scrolls
 o - 2 scrolls of enchant weapon
Potions
 f - 2 potions of brilliance
 k - a potion of haste {unknown}
 q - a potion of magic {unknown}
Comestibles
 c - 10 rations


   Skills:
 + Level 0.9 Fighting
 + Level 1.5 Short Blades
 + Level 3.0 Dodging
 + Level 5.3 Stealth
 + Level 4.0 Spellcasting
 + Level 1.0 Conjurations
 + Level 1.1 Summonings
 + Level 1.0 Translocations


You had 4 spell levels left.
You knew the following spells:

 Your Spells              Type           Power        Failure   Level
a - Magic Dart            Conj           ##..         10%         1
b - Blink                 Tloc           N/A          16%         2
c - Call Imp              Summ           ##......     14%         2
d - Conjure Flame         Conj/Fire      #.......     36%         3

Your spell library contained the following spells:

 Spells                   Type           Power        Failure   Level
 Slow                     Hex            #.......     24%         2
 Mephitic Cloud           Conj/Pois/Air  #.......     38%         3


Dungeon Overview and Level Annotations

Branches:
Dungeon (3/15)

Altars:


Innate Abilities, Weirdness & Mutations

You cannot wear most types of armour.
You are very stealthy in the water. (Stealth+)
You are amphibious.
You can wear up to eight rings at the same time.
You can use your tentacles to constrict eight enemies at once.
Your skin changes colour to match your surroundings (Stealth+).
Your rubbery body absorbs attacks. (AC +1, EV +1)


Message History

There is a stone staircase leading up here.
Casting: Call Imp (safe; 14% risk of failure)
Confirm with . or Enter, or press ? or * to list all spells.
Okay, then.
Unknown command.
Unknown command.
Okay, then.
It was a potion of brilliance.
You feel clever all of a sudden. The killer bee stings you.
You are poisoned.
The killer bee poisons you! The killer bee closely misses you.
The killer bee misses you. The killer bee stings you!
* * * LOW HITPOINT WARNING * * *
It was a potion of berserk rage.
A red film seems to cover your vision as you go berserk!
You feel yourself moving faster!
You feel mighty!
* * * LOW HITPOINT WARNING * * *
You feel sick. The killer bee stings you.
You die...

########.####.#*.#,,,,*
.......#.#....##.#*****
.....#.#.#.#####.#
.###.#.#.......#.#
,#...#.......#.#.#
,#†########..#.#.#
,#...yy.%y...#.#.###
*###########.#.y...#
,,,,,,,,,,,..#.y@#.#
,**********###..)..# ,*
####### **


You could see 2 killer bees.

Vanquished Creatures
  A killer bee (D:3)
  2 adders
  3 oozes (D:1)
  4 dart slugs
  A leopard gecko (D:2)
  An orc (D:3)
  3 bats
  2 giant cockroaches
  5 goblins
  7 hobgoblins
  4 jackals (D:1)
  6 kobolds (D:1)
  A quokka (D:2)
  A ball python (D:1)
  6 frilled lizards
  6 rats (D:1)
53 creatures vanquished.

Vanquished Creatures (collateral kills)
  A centaur (D:3)
1 creature vanquished.

Grand Total: 54 creatures vanquished

Notes
Turn   | Place    | Note
-------+----------+-------------------------------------------
     0 | D:1      | Conn the Octopode Hedge Wizard began the quest for the Orb.
     0 | D:1      | Reached XP level 1. HP: 11/11 MP: 4/4
    43 | D:1      | Reached XP level 2. HP: 15/17 MP: 1/6
   552 | D:1      | Reached XP level 3. HP: 7/21 MP: 6/8
  1023 | D:1      | Reached skill level 3 in Stealth
  1507 | D:2      | Reached XP level 4. HP: 23/27 MP: 9/9
  2478 | D:3      | Reached skill level 1 in Short Blades
  2501 | D:3      | Noticed a centaur
  2510 | D:3      | Learned a level 2 spell: Blink
  2515 | D:3      | Learned a level 2 spell: Call Imp
  2519 | D:3      | Learned a level 3 spell: Conjure Flame
  2528 | D:3      | Killed a centaur
  2528 | D:3      | Reached skill level 4 in Stealth
  2528 | D:3      | Reached XP level 5. HP: 15/32 MP: 5/10
  2583 | D:3      | Reached skill level 5 in Stealth
  2603 | D:3      | Slain by a killer bee

Illustrated notes

Levels and vault maps discovered:
D:1:      ebering_hopf_link, layout_rooms, grunt_decor_resistance
D:2:      layout_basic
D:3:      layout_basic

Skill      XL: |  1  2  3  4  5 |
---------------+----------------+-----
Stealth        | 3 4 5 |  5.3
Short Blades   | 1 |  1.5
Dodging        | 3 |  3.0
Spellcasting   | 4 |  4.0
Fighting       | |  0.9
Conjurations   | |  1.0
Summonings     | |  1.1
Translocations | |  1.0

Action                   |  1- 3 |  4- 6 || total
-------------------------+-------+-------++-------
Melee: Unarmed           |    27 |       ||    27
       Constrict         |    19 |     8 ||    27
       Tentacles         |     8 |     8 ||    16
       Short sword       |    56 |    35 ||    91
       Dagger            |     2 |       ||     2
 Cast: Magic Dart        |    17 |     2 ||    19
       Call Imp          |       |     6 ||     6
  Use: Scroll            |       |     8 ||     8
       Potion            |       |     3 ||     3
 Stab: Sleeping          |     7 |     5 ||    12
       Distracted        |       |     1 ||     1
  Eat: Ration            |     1 |     1 ||     2
Armor: Skin              |     6 |       ||     6
Dodge: Dodged            |    55 |    30 ||    85

Table legend:
 A = Non-vault XP
 B = Vault XP
 C = Vault XP percentage of total XP
 D = Non-vault monster count
 E = Vault monster count
 F = Vault count percentage of total count
                 A         B        C        D         E       F
            +---------+---------+-------+---------+---------+-------
      Total |     296 |       0 |   0.0 |      54 |       0 |   0.0
            +---------+---------+-------+---------+---------+-------
        D:1 |      76 |       0 |   0.0 |      37 |       0 |   0.0
        D:2 |      40 |       0 |   0.0 |      12 |       0 |   0.0
        D:3 |     180 |       0 |   0.0 |       5 |       0 |   0.0
            +---------+---------+-------+---------+---------+-------
